 Dungeon Crawl Stone Soup version 0.25-a0-667-gb977e01cb5 (webtiles) character file.

Game seed: 8907315360208867369, levelgen mode: deterministic

4658 kae the Grappler (level 10, -3/78 HPs)
             Began as a Naga Transmuter on Mar 27, 2020.
             Was a Follower of Wu Jian.
             Slain by a troll (7 damage)
             ... on level 9 of the Dungeon.
             The game lasted 00:09:39 (10111 turns).

kae the Grappler (Naga Transmuter)                 Turns: 10111, Time: 00:09:39

Health: -3/78      AC:  5    Str: 13    XL:     10   Next: 43%
Magic:  20/20      EV: 19    Int: 17    God:    Wu Jian [*.....]
Gold:   443        SH:  0    Dex: 18    Spells: 12/23 levels left

rFire    . . .     SeeInvis +     - Unarmed
rCold    . . .     Gourm    .   (shield currently unavailable)
rNeg     + . .     Faith    .   (armour currently unavailable)
rPois    x         Spirit   .   (helmet currently unavailable)
rElec    .         Reflect  .   (cloak currently unavailable)
rCorr    .         Harm     .   (gloves currently unavailable)
MR       +....                  (no barding)
Stlth    ++........             (no amulet)
HPRegen  0.23/turn              y - ring of positive energy
MPRegen  0.17/turn              c - +3 ring of protection

@: spider-form (expiring)
A: tiny, thin skeletal structure 1, see invisible, slow metabolism 1, spit
poison 1, AC +3
a: Spit Poison, End Transformation, Renounce Religion


You were on level 9 of the Dungeon.
You worshipped Wu Jian.
Wu Jian was aware of your devotion.
You were not hungry.
You were a venomous arachnid creature.
You visited 2 branches of the dungeon, and saw 10 of its levels.

You collected 443 gold pieces.

Inventory:

Missiles
 a - 150 arrows
Armour
 g - a +1 leather armour (melded)
 m - a scarf of repulsion (melded)
 r - the +1 pair of gloves of the Snake Pit {-Cast rPois rF+++ Str+3}
   (You found it on level 8 of the Dungeon)

   It affects your strength (+3).
   It renders you almost immune to fire.
   It protects you from poison.
   It prevents spellcasting.
Jewellery
 c - a +3 ring of protection (right front leg)
 l - an uncursed ring of resist corrosion
 u - a +3 ring of protection
 y - a ring of positive energy (left front leg)
 z - an uncursed ring of ice
Wands
 w - a wand of paralysis (3)
Scrolls
 b - 6 scrolls of magic mapping
 f - 2 scrolls of remove curse
 i - a scroll of amnesia
 n - a scroll of blinking
 o - 2 scrolls of teleportation
 p - a scroll of noise
 t - 2 scrolls of identify
Potions
 e - a potion of brilliance
 h - 2 potions of resistance
 j - 3 potions of haste
 k - a potion of mutation
 q - a potion of degeneration
 s - 3 potions of flight
Comestibles
 d - 19 rations


   Skills:
 - Level 1.0 Fighting
 - Level 1.5 Dodging
 * Level 11.0 Unarmed Combat
 + Level 7.1 Spellcasting
 + Level 7.7 Transmutations


You had 12 spell levels left.
You knew the following spells:

 Your Spells              Type           Power        Failure   Level  Hunger
a - Beastly Appendage     Tmut           ####..       3%          1    None
b - Sticks to Snakes      Tmut           ####....     4%          2    None
c - Spider Form           Tmut/Pois      ###.......   19%         3    ##.....
d - Blade Hands           Tmut           ####......   30%         5    #####..

Your spell library contained the following spells:

 Spells                   Type           Power        Failure   Level  Hunger
 Animate Skeleton         Necr           N/A          28%         1    None
 Apportation              Tloc           #.....       28%         1    None
 Corona                   Hex            #......      28%         1    None
 Summon Small Mammal      Summ           #...         28%         1    None
 Ice Form                 Ice/Tmut       ###.....     43%         4    ####...
 Petrify                  Tmut/Erth      ###.....     43%         4    ####...
 Confusing Touch          Hex            #.......     56%         3    ##.....
 Gell's Gravitas          Tloc           #.........   56%         3    ##.....
 Ozocubu's Armour         Chrm/Ice       #.......     56%         3    ##.....
 Yara's Violent Unravell  Hex/Tmut       ###.......   75%         5    #####..
 Excruciating Wounds      Chrm/Necr      #.........   99%         5    #####..
 Iskenderun's Battlesphe  Conj/Chrm      #.......     99%         5    #####..
 Metabolic Englaciation   Hex/Ice        #.........   99%         5    #####..


Dungeon Overview and Level Annotations

Branches:
Dungeon (9/15)             Temple (1/1) D:5
   Lair: D:8-11         Orc: D:9-12

Altars:
Ashenzari
Cheibriados
Dithmenos
Elyvilon
Fedhas
Gozag
Hepliaklqana
Kikubaaqudgha
Makhleb
Nemelex Xobeh
Okawaru
Qazlal
Ru
Sif Muna
Trog
Uskayaw
Vehumet
Wu Jian
Xom
Zin
The Shining One


Innate Abilities, Weirdness & Mutations

You cannot wear boots.
((Your serpentine skin is tough. (AC +3)))
You have supernaturally acute eyesight. (SInv)
((Armour fits poorly on your strangely shaped body.))
((Your system is resistant to poisons. (rPois)))
((You cover ground very slowly.))
You have a slow metabolism.
You can spit poison.
((Your tail ends in a poisonous barb.))
You have a somewhat thin skeletal structure. (Dex +2, Stealth)
((Your movements are slightly less encumbered by armour. (ER -2)))


Message History

The troll bites you! The troll claws you! x2
You bite the troll!
The troll looks as sick as possible!
The troll is heavily wounded.
The troll bites you but does no damage. The troll closely misses you.
The troll claws you.
You hit the troll.
The troll looks as sick as possible!
The troll is heavily wounded.
The troll closely misses you. The troll claws you!
* * * LOW HITPOINT WARNING * * *
The troll closely misses you.
You hit the troll but do no damage.
The troll is heavily wounded.
You hit the troll but do no damage.
The troll looks as sick as possible!
The troll is heavily wounded.
The troll bites you.
* * * LOW HITPOINT WARNING * * *
The troll claws you!
* * * LOW HITPOINT WARNING * * *
The troll claws you!
You die...

###+######
#........#
#######+
#........#
#.......
#...>....#
+.......
#........#
#.......
#........#
#.......
#........#
#.......
#....sT..+
#.......
#...^....#
#.......
##'#######
#####'## #.##
#.# #.>#
#####.#
#####.####
#.....#
#........#
###'######
#........#
####.........
#........#
#..'.........


You could see a troll.

Vanquished Creatures
  Pikel (D:5)
  A cyclops (D:8)
  A hippogriff (D:9)
  A spriggan (D:7)
  Menkaure (D:6)
  A swamp worm (shapeshifter) (D:8)
  A water moccasin (D:7)
  A slave (D:6)
  5 ice beasts
  A sky beast (D:6)
  An orc warrior (D:5)
  2 ogres
  2 centaurs
  5 bullfrogs
  A wyvern skeleton (D:8)
  2 scorpions (D:4)
  14 killer bees
  2 howler monkeys
  2 crimson imps
  A bullfrog zombie (D:6)
  2 jellies
  8 hounds
  6 orc wizards
  2 bullfrog skeletons
  2 orc priests
  4 worker ants
  A hound zombie (D:7)
  A hound skeleton (D:4)
  8 adders
  2 shadow imps
  An adder zombie (D:8)
  2 adder skeletons
  A dart slug (D:5)
  7 leopard geckos
  21 orcs
  3 bats
  3 giant cockroaches
  5 goblins
  7 hobgoblins
  7 jackals
  6 kobolds
  4 quokkas
  2 ball pythons
  8 frilled lizards
  A leopard gecko zombie (D:6)
  A quokka skeleton (D:5)
  5 rats
166 creatures vanquished.

Vanquished Creatures (collateral kills)
  An adder (D:2)
  A bat (D:2)
2 creatures vanquished.

Vanquished Creatures (others)
  A phantom (D:6)
  A shadow imp (D:6)
  An ooze (D:6)
3 creatures vanquished.

Grand Total: 171 creatures vanquished

Notes
Turn   | Place    | Note
-------+----------+-------------------------------------------
     0 | D:1      | kae the Naga Transmuter began the quest for the Orb.
     0 | D:1      | Reached XP level 1. HP: 18/18 MP: 3/3
   310 | D:1      | Reached XP level 2. HP: 19/25 MP: 3/5
   951 | D:1      | Gained mutation: Your movements are slightly less
                  | encumbered by armour. (ER -2) [potion of mutation]
   951 | D:1      | Gained mutation: Your tail ends in a poisonous barb.
                  | [potion of mutation]
   951 | D:1      | Gained mutation: You have a somewhat thin skeletal
                  | structure. (Dex +2, Stealth) [potion of mutation]
  1480 | D:2      | Learned a level 2 spell: Sticks to Snakes
  1495 | D:2      | Found a shattered altar of Ashenzari.
  1592 | D:2      | Reached XP level 3. HP: 17/31 MP: 3/6
  2426 | D:2      | Found a faded altar of an unknown god.
  2488 | D:2      | Reached skill level 4 in Unarmed Combat
  2493 | D:2      | Reached XP level 4. HP: 34/38 MP: 7/7
  2988 | D:3      | Learned a level 3 spell: Spider Form
  3242 | D:4      | Reached XP level 5. HP: 39/44 MP: 9/9
  3311 | D:4      | Found a glowing silver altar of Zin.
  3552 | D:4      | Reached skill level 5 in Unarmed Combat
  3695 | D:4      | Reached XP level 6. HP: 44/51 MP: 6/10
  4459 | D:4      | Reached XP level 7. HP: 55/57 MP: 10/12
  4485 | D:4      | Reached skill level 6 in Unarmed Combat
  4771 | D:5      | Entered Level 5 of the Dungeon
  5553 | D:5      | Reached XP level 8. HP: 45/64 MP: 10/14
  5564 | D:5      | Found a staircase to the Ecumenical Temple.
  5579 | Temple   | Entered the Ecumenical Temple
  5669 | Temple   | Became a worshipper of the Wu Jian Council
  5874 | D:5      | Found a hazy altar of Hepliaklqana.
  6000 | D:6      | Reached skill level 7 in Unarmed Combat
  6008 | D:6      | Identified the Incunabulum of the Lucky Glacier
  6030 | D:6      | Noticed Pikel
  6030 | D:6      | Noticed Menkaure
  6182 | D:6      | Killed Menkaure
  6182 | D:6      | Reached skill level 5 in Transmutations
  6456 | D:5      | Killed Pikel
  6456 | D:5      | Reached skill level 8 in Unarmed Combat
  6456 | D:5      | Reached skill level 5 in Spellcasting
  6583 | D:6      | Reached XP level 9. HP: 64/70 MP: 17/17
  7007 | D:6      | Reached skill level 9 in Unarmed Combat
  7025 | D:6      | Found a white marble altar of Elyvilon.
  7093 | D:6      | Found a stormy altar of Qazlal.
  7639 | D:7      | Reached * piety under Wu Jian
  8345 | D:7      | Reached skill level 10 in Unarmed Combat
  8715 | D:8      | Noticed a fire crab
  8717 | D:8      | Noticed a cyclops
  8727 | D:8      | Reached XP level 10. HP: 41/78 MP: 17/19
  8889 | D:7      | Learned a level 5 spell: Blade Hands
  8923 | D:8      | Killed a cyclops
  9412 | D:8      | Got a pair of faintly humming gloves
  9698 | D:8      | Identified the +1 pair of gloves of the Snake Pit {-Cast
                  | rPois rF+++ Str+3} (You found it on level 8 of the Dungeon)
  9935 | D:8      | Found a shattered altar of Ashenzari.
  9939 | D:8      | Found a sparkling altar of Nemelex Xobeh.
 10046 | D:9      | Reached skill level 11 in Unarmed Combat
 10111 | D:9      | Slain by a troll

Levels and vault maps discovered:
D:1:      dpeg_arrival_long_road, layout_basic, chequers_garden
D:2:      layout_rooms, chequers_ecumenical_altar_island,
          nicolae_ashenzari_panopticon
D:3:      layout_rooms
D:4:      layout_rooms, lemuel_crystal_altar
D:5:      layout_loops_ring, kennysheep_mini_moat, minmay_temple_entry_mist,
          first_ration
D:6:      layout_rooms, nicolae_qazlal_eye_of_the_storm, elyvilon_altar_3,
          uniq_menkaure, uniq_pikel
D:7:      layout_loops_ring, the_bakery
D:8:      minmay_bloctagon_deflated, layout_rooms,
          gammafunk_temple_overflow_statue, minmay_misc_feat_encased
D:9:      layout_roguey, kennysheep_mini, grunt_decor_one_mirror,
          minmay_door_square, st_stairs_1
Temple:   compressed_dpeg_circular_temple

Skill      XL: |  1  2  3  4  5  6  7  8  9 10 |
---------------+-------------------------------+-----
Unarmed Combat | 4 5 6 8 10 11 | 11.0
Transmutations | 3 4 5 7 |  7.7
Spellcasting   | 3 4 5 6 7 |  7.1
Fighting       | |  1.0
Dodging        | |  1.5

Action                   |  1- 3 |  4- 6 |  7- 9 | 10-12 || total
-------------------------+-------+-------+-------+-------++-------
Melee: Unarmed           |   114 |   115 |   253 |    95 ||   577
       Headbutt          |     8 |     5 |     5 |     1 ||    19
       Tailslap          |     6 |     9 |     5 |     3 ||    23
       Punch             |     1 |       |     2 |       ||     3
 Cast: Beastly Appendage |    16 |    14 |     7 |     3 ||    40
       Sticks to Snakes  |     4 |       |       |       ||     4
       Spider Form       |       |     6 |    28 |    10 ||    44
       Blade Hands       |       |       |       |     1 ||     1
Invok: Lunge             |       |       |    17 |     1 ||    18
       Whirlwind         |       |       |     2 |       ||     2
 Abil: Spit Poison       |     7 |     6 |     9 |     2 ||    24
Evoke: Wand              |       |       |     3 |       ||     3
  Use: Scroll            |     2 |     3 |     8 |     3 ||    16
       Potion            |     1 |     2 |     8 |     1 ||    12
 Stab: Sleeping          |     1 |     1 |     2 |       ||     4
       Distracted        |     1 |       |       |     1 ||     2
       Paralysed         |       |       |     1 |       ||     1
  Eat: Chunk             |     4 |     6 |    10 |     4 ||    24
       Ration            |       |       |     1 |       ||     1
Armor: Leather armour    |    26 |    11 |    18 |     2 ||    57
       Robe              |     1 |       |       |       ||     1
       Skin              |       |     4 |    28 |    16 ||    48
Dodge: Dodged            |    64 |    85 |   208 |    79 ||   436
       Deflected         |       |       |       |     1 ||     1

Table legend:
 A = Non-vault XP
 B = Vault XP
 C = Vault XP percentage of total XP
 D = Non-vault monster count
 E = Vault monster count
 F = Vault count percentage of total count
                 A         B        C        D         E       F
            +---------+---------+-------+---------+---------+-------
      Total |    4785 |    1870 |  28.1 |     160 |       7 |   4.2
            +---------+---------+-------+---------+---------+-------
        D:1 |      26 |       0 |   0.0 |      17 |       0 |   0.0
        D:2 |      61 |       0 |   0.0 |      19 |       0 |   0.0
        D:3 |      63 |       0 |   0.0 |      12 |       0 |   0.0
        D:4 |     558 |       0 |   0.0 |      25 |       0 |   0.0
        D:5 |     508 |     663 |  56.6 |      22 |       1 |   4.3
        D:6 |     892 |     172 |  16.2 |      15 |       1 |   6.2
        D:7 |    1253 |     220 |  14.9 |      27 |       1 |   3.6
        D:8 |    1035 |     815 |  44.1 |      17 |       4 |  19.0
        D:9 |     389 |       0 |   0.0 |       6 |       0 |   0.0
            +---------+---------+-------+---------+---------+-------
